 Dungeon Crawl Stone Soup version 0.30.1-11-g7821555f0a (webtiles) character file.

Game seed: 12885527807410627879

557 Hooloovoo the Cudgeller (level 7, -12/61 HPs)
             Began as a Minotaur Fighter on Nov 14, 2023.
             Was an Initiate of Gozag.
             Mangled by an ogre
             ... wielding a +0 giant spiked club
              (13 damage)
             ... on level 5 of the Dungeon.
             The game lasted 00:19:42 (3557 turns).

Hooloovoo the Cudgeller (Minotaur Fighter)          Turns: 3557, Time: 00:19:47

Health: -12/61     AC: 13    Str: 23    XL:     7   Next: 9%
Magic:  6/6        EV: 11    Int:  9    God:    Gozag
Gold:   265        SH:  4    Dex:  9    Spells: 6/6 levels left

rFire   . . .        z - +3 whip
rCold   . . .        c - +0 buckler
rNeg    . . .        D - +1 leather armour of the Undertaker {rPois Will+ Str+2}
rPois   +            (helmet restricted)
rElec   .            (no cloak)
rCorr   .            q - +0 pair of gloves
SInv    .            f - +0 pair of boots
Will    ++...        (no amulet)
Stlth   +            n - +4 ring of protection
HPRegen 0.30/turn    A - ring of willpower
MPRegen 0.10/turn

%: no passive effects
@: gold aura
A: horns 2, retaliatory headbutt, iridescent scales 1, clever 1, wild magic 1
a: Renounce Religion, Potion Petition, Call Merchant, Bribe Branch


You were on level 5 of the Dungeon.
You worshipped Gozag.
Gozag was aware of your devotion.
You visited 1 branch of the dungeon, and saw 5 of its levels.

You collected 306 gold pieces.
You paid 41 gold pieces to Gozag.

Inventory:

Hand Weapons
 a - a +0 flail
 h - a +2 dagger of speed
 z - a +3 whip (weapon)
 C - a +2 falchion of freezing
Missiles
 x - 6 boomerangs (quivered)
Armour
 b - a +0 scale mail
 c - a +0 buckler (worn)
 f - a +0 pair of boots (worn)
 q - a +0 pair of gloves (worn)
 s - a +0 plate armour
 D - the +1 leather armour of the Undertaker (worn) {rPois Will+ Str+2}
   (You found it on level 4 of the Dungeon)

   Str:       It affects your strength (+2).
   rPois:     It protects you from poison.
   Will:      It increases your willpower.
Jewellery
 n - a +4 ring of protection (left hand)
 A - a ring of willpower (right hand)
Scrolls
 e - 3 scrolls of vulnerability {unknown}
 g - a scroll of brand weapon {unknown}
 i - a scroll of acquirement {unknown}
 m - a scroll of identify {unknown}
 o - a scroll of fog {unknown}
 r - a scroll of magic mapping {unknown}
 u - a scroll of enchant armour {unknown}
 y - a scroll of poison {unknown}
 E - a scroll of fear {unknown}
Potions
 d - 4 potions of might
 j - a potion of brilliance {unknown}
 k - 2 potions of invisibility {unknown}
 l - 2 potions of heal wounds {unknown}
 p - a potion of curing {unknown}
 t - 2 potions of haste {unknown}
 v - 2 potions of flight {unknown}
 w - a potion of berserk rage {unknown}
 B - a potion of mutation


   Skills:
 + Level 5.3 Fighting
 + Level 6.3 Maces & Flails
 + Level 5.6 Armour
 + Level 0.9 Dodging
 + Level 0.1 Stealth
 + Level 4.8 Shields


You had 6 spell levels left.
You didn't know any spells.
Your spell library contained the following spells:

 Spells                   Type           Power      Damage    Failure   Level
 Frozen Ramparts          Ice            0%         1d1       90%         3
 Ice Form                 Ice/Tmut       0%         N/A       100%        4
 Summon Ice Beast         Ice/Summ       0%         N/A       100%        4


Dungeon Overview and Level Annotations

Branches:
Dungeon (5/15)             Temple (0/1) D:4

Altars:
Gozag

Shops:
D:3 *   D:5 *


Innate Abilities, Weirdness & Mutations

You have a pair of horns on your head.
You reflexively headbutt those who attack you in melee.
You are partially covered in iridescent scales. (AC +2)
Your mind is acute. (Int +4, Str/Dex -1)
Your spells are a little harder to cast, but a little more powerful.


Message History

The gnoll is severely wounded.
The gnoll barely misses you. x2; You block the gnoll's attack.
The gnoll barely misses you.
You whack the gnoll!
You kill the gnoll!
The gnoll is no longer distracted by gold.
The gnoll closely misses you. The gnoll barely misses you.
The gnoll hits you but does no damage.
You hit the ogre.
The ogre is lightly wounded.
You hit the ogre.
The ogre is moderately wounded.
The jackal is no longer distracted by gold.
The ogre closely misses you.
The gnoll hits you but does no damage. x2
The gnoll hits you from afar with a +0 spear.
The jackal bites you but does no damage.
You whack the ogre! Your headbutt misses the ogre.
The ogre is heavily wounded.
The jackal bites you but does no damage.
The gnoll closely misses you. The gnoll barely misses you.
The gnoll hits you from afar with a +0 spear.
You hit the ogre. You headbutt the ogre!
The ogre is almost dead.
The jackal is no longer distracted by gold.
The jackal completely misses you.
The ogre hits you with a +0 giant spiked club!!
* * * LOW HITPOINT WARNING * * *
The jackal barely misses you. The gnoll misses you.
The gnoll barely misses you.
The gnoll hits you from afar with a +0 spear.
* * * LOW HITPOINT WARNING * * *
It was a potion of mutation.
You feel extremely strange.
You feel clever.
Iridescent scales grow over part of your body.
You feel less in control of your magic.
The jackal bites you but does no damage. x2
You block the jackal's attack. The gnoll hits you but does no damage.
The ogre hits you with a +0 giant spiked club!
You die...
Your body crumbles into a pile of gold.

.. #...# #.##)##.#
##### #...# #.##.##.##
#...# #.##.....# ##.#
#.#####..####
###...........#
##.......)#.##.....
#.....##..#.# .#.#
#O$...##..#.. .
#@..###..####
.....gh#h#.##..####...
.....gg#∩#..........#
......g#.##.#########
......#...##. .....#
... ## ..... .....
..... ##...


You could see an ogre, 4 gnolls and 2 jackals.

Vanquished Creatures
  The ghost of Jaukkuri the Charlatan, an amateur DEAr of the Shining One (D:3)
  A black bear (D:4)
  2 hounds
  3 jellies
  An iguana (D:5)
  4 gnolls (D:5)
  3 adders (D:2)
  4 worms (D:2)
  3 dart slugs
  3 orcs
  6 ball pythons
  5 bats
  4 endoplasms
  5 giant cockroaches
  10 goblins
  10 hobgoblins
  10 jackals
  5 quokkas
  2 frilled lizards (D:1)
  5 kobolds
  6 rats
93 creatures vanquished.

Notes
Turn   | Place    | Note
-------+----------+-------------------------------------------
     0 | D:1      | Hooloovoo the Minotaur Fighter began the quest for the Orb.
     0 | D:1      | Reached XP level 1. HP: 19/19 MP: 0/0
    55 | D:1      | Reached XP level 2. HP: 27/27 MP: 1/1
   457 | D:1      | Found a faded altar of an unknown god.
   483 | D:1      | Reached XP level 3. HP: 33/33 MP: 2/2
   571 | D:1      | Reached skill level 3 in Maces & Flails
  1112 | D:2      | Reached XP level 4. HP: 34/40 MP: 3/3
  1347 | D:2      | Reached skill level 4 in Maces & Flails
  1704 | D:3      | Found Wuh Aforipp's Assorted Antiques.
  2264 | D:3      | Found a runed translucent gate.
  2264 | D:3      | Found a runed translucent gate.
  2266 | D:3      | Found a runed translucent gate.
  2269 | D:3      | Noticed Jaukkuri's ghost (amateur DEAr)
  2284 | D:3      | Killed Jaukkuri's ghost
  2285 | D:3      | Reached skill level 5 in Maces & Flails
  2285 | D:3      | Reached skill level 5 in Armour
  2285 | D:3      | Reached XP level 5. HP: 47/47 MP: 4/4
  2503 | D:4      | Found an opulent altar of Gozag.
  2558 | D:4      | Became a worshipper of Gozag Ym Sagoz the Greedy
  2616 | D:4      | Reached XP level 6. HP: 53/53 MP: 5/5
  2797 | D:4      | Found a staircase to the Ecumenical Temple.
  3057 | D:4      | Identified the +1 leather armour of the Undertaker {rPois
                  | Will+ Str+2}
  3197 | D:4      | Reached skill level 6 in Maces & Flails
  3281 | D:5      | Entered Level 5 of the Dungeon
  3455 | D:5      | Reached skill level 5 in Fighting
  3517 | D:5      | Reached XP level 7. HP: 60/61 MP: 6/6
  3532 | D:5      | Found Bouqual's Neck Hole.
  3556 | D:5      | HP: 2/61 [ogre/+0 giant spiked club (21)]
  3557 | D:5      | Gained mutation: Your mind is acute. (Int +4, Str/Dex -1)
                  | [potion of mutation]
  3557 | D:5      | Gained mutation: You are partially covered in iridescent
                  | scales. (AC +2) [potion of mutation]
  3557 | D:5      | Gained mutation: Your spells are a little harder to cast,
                  | but a little more powerful. [potion of mutation]
  3557 | D:5      | Mangled by an ogre

Illustrated notes

Levels and vault maps discovered:
D:1:      nicolae_arrival_memento_mori, layout_loops_ring,
          shapermc_ecumenical_altar_totnotflames
D:2:      layout_basic
D:3:      layout_loops_ring, serial_shops, shop, ebering_ghost_rock_garden,
          wad_rectangle_vault
D:4:      layout_loops_ring, grunt_gozag_statues, minmay_temple_entry_tees,
          kennysheep_cluttered_room
D:5:      layout_loops_cross, nicolae_shop_sticking_my_neck_out

Skill      XL: |  1  2  3  4  5  6 |
---------------+-------------------+-----
Armour         | 4 5 |  5.6
Shields        | 4 |  4.8
Maces & Flails | 3 5 6 |  6.3
Fighting       | 4 5 |  5.3
Dodging        | |  0.9
Stealth        | |  0.1

Action                     |  1- 3 |  4- 6 |  7- 9 || total
---------------------------+-------+-------+-------++-------
  Melee: Flail             |    90 |    65 |       ||   155
         Headbutt          |     7 |    26 |     5 ||    38
         Whip              |       |    66 |    22 ||    88
    Use: Potion            |       |       |     1 ||     1
 Armour: Scale mail        |    43 |     1 |       ||    44
         Plate armour      |       |    88 |       ||    88
         Leather armour    |       |    10 |    36 ||    46
  Dodge: Dodged            |    46 |    49 |    27 ||   122
  Block: Buckler           |    18 |    28 |    15 ||    61
